 Dungeon Crawl Stone Soup version 0.30.0-20-g3615ddf2f0 (webtiles) character file.

Game seed: 7376594936184688612

184 qw the Chopper (level 5, 0/32 HPs)
             Began as a Gargoyle Fighter on June 1, 2023.
             Killed from afar by an orc wizard (7 damage)
             ... with a puff of flame
             ... on level 3 of the Dungeon.
             The game lasted 00:01:17 (2677 turns).

qw the Chopper (Gargoyle Fighter)                   Turns: 2677, Time: 00:01:17

Health: 0/32       AC: 10    Str: 21      XL:     5   Next: 63%
Magic:  5/5        EV:  9    Int:  9      God:
Gold:   144        SH:  4    Dex:  8 (9)  Spells: 4/4 levels left

rFire   . . .        Y - +0 war axe (chaos)
rCold   . . .        c - +0 buckler
rNeg    + . .        b - +0 scale mail
rPois   inf          (no helmet)
rElec   +            (no cloak)
rCorr   .            (no gloves)
SInv    .            (no boots)
Will    .....        (no amulet) Stlth
                     (no ring)
HPRegen 0.25/turn    (no ring)
MPRegen 0.09/turn

%: no passive effects
@: no status effects
A: sickness immunity, AC +4, negative energy resistance 1, electricity
resistance, torment resistance 1, petrification resistance
a: no special abilities


You were on level 3 of the Dungeon.
You visited 1 branch of the dungeon, and saw 3 of its levels.

You collected 144 gold pieces.


Innate Abilities, Weirdness & Mutations

You are immune to sickness and miasma.
Your stone body is resilient. (AC +4)
You are immune to poison.
You resist negative energy. (rN+)
You are resistant to electric shocks. (rElec)
You are resistant to unholy torment.
You are immune to petrification.


   Skills:
 + Level 3.3 Fighting
 - Level 5.1 Axes
 - Level 3.2 Armour
 - Level 3.2 Shields


You had 4 spell levels left.
You didn't know any spells.
Your spell library was empty.

Inventory:

Hand Weapons
 n - a +0 flail
 Y - a +0 war axe of chaos (weapon)
Armour
 a - a +2 helmet
 b - a +0 scale mail (worn)
 c - a +0 buckler (worn)
Scrolls
 e - a scroll of identify
Potions
 d - 2 potions of might
 f - a potion of heal wounds
 g - a potion of attraction {unknown}
 h - a potion of brilliance {unknown}
 j - a potion of mutation {unknown}
 m - a potion of lignification {unknown}
 p - a potion of curing {unknown}

Dungeon Overview and Level Annotations

Branches:
Dungeon (3/15)

Altars:
Gozag


Message History

Something hits you but does no damage. The orc hits you but does no damage.
Something hits you but does no damage. The orc hits you but does no damage.
Something hits you but does no damage. The orc hits you with a +0 dagger.
You hear some strange, mumbled words.
You are more confused.
The orc hits you but does no damage. Something completely misses you.
The orc hits you but does no damage. Something hits you.
The orc hits you but does no damage. Something hits you but does no damage.
The orc barely misses you. Something hits you but does no damage.
The orc barely misses you. Something hits you but does no damage.
The orc closely misses you. Something hits you but does no damage.
The orc hits you with a +0 dagger. Something hits you.
The orc hits you but does no damage.
You feel less confused.
You hear some strange, mumbled words.
A puff of flame appears from out of thin air!
The puff of flame misses you.
The puff of flame hits the orc!
The orc dies!
Something hits you but does no damage.
You hear some strange, mumbled words.
Something tries to affect you, but you resist.
Things that are here:
a +0 dagger; a +0 leather armour; an orc corpse You miss the orc wizard.
A magic dart appears from out of thin air!
The magic dart hits you.
The orc wizard hits you with a +0 dagger.
You hit the orc wizard but do no damage.
The orc wizard hits you but does no damage.
You hit the orc wizard but do no damage.
You miss something.
You hear some strange, mumbled words.
A magic dart appears from out of thin air!
The magic dart hits you. The orc wizard misses you.
The orc wizard points at you and mumbles some strange words.
The puff of flame hits you.
You hear some strange, mumbled words.
A puff of flame appears from out of thin air!
The puff of flame hits you!
You die...

## .. .#### .o.
#.#
#########.########
#...{@o..).......#
#.#########.####.#
### #.......#
#..###.#####.#
#..##.# #
~~~~~~~.##....#
..~~~..~##.##.#
.~...~.~##.##.#
.~._.~.~##.##..


You could see an orc wizard.

Vanquished Creatures
  A howler monkey (D:3)
  A sleepcap (D:2)
  Robin (D:3)
  3 gnolls (D:2)
  2 adders (D:2)
  A worm (D:3)
  2 orcs (D:3)
  4 endoplasms
  2 giant cockroaches
  10 goblins
  8 hobgoblins
  6 kobolds
  3 quokkas
  4 ball pythons
  3 bats
  2 frilled lizards
  2 rats
55 creatures vanquished.

Vanquished Creatures (others)
  An orc (D:3)
1 creature vanquished.

Grand Total: 56 creatures vanquished

Notes
Turn   | Place    | Note
-------+----------+-------------------------------------------
     0 | D:1      | qw the Gargoyle Fighter began the quest for the Orb.
     0 | D:1      | Reached XP level 1. HP: 14/14 MP: 1/1
     0 | D:1      | 0 ||| qw: Version: 0.2-a-102-gdf20003
     0 | D:1      | 0 ||| qw: Game counter: 705
     0 | D:1      | 0 ||| qw: Always use a shield: true
     0 | D:1      | 0 ||| qw: God list: Okawaru
     0 | D:1      | 0 ||| qw: Allow faded altars: false
     0 | D:1      | 0 ||| qw: Do Orc after D:15 true
     0 | D:1      | 0 ||| qw: Do second Lair branch before Depths: true
     0 | D:1      | 0 ||| qw: Lair rune preference: random
     0 | D:1      | 0 ||| qw: Plans: Normal, Zot:1-4, Slime:5, God:TSO, Crypt,
                  | Tomb, Pan, Hells, Abyss, Win
     0 | D:1      | 0 ||| PLANNING D:1-11
    31 | D:1      | 31 ||| Stepping ~*~*~tactically~*~*~ (stealth).
    41 | D:1      | Reached skill level 2 in Axes
   102 | D:1      | Reached XP level 2. HP: 19/19 MP: 2/2
   136 | D:1      | 136 ||| Stepping ~*~*~tactically~*~*~ (stealth).
   138 | D:1      | 138 ||| Stepping ~*~*~tactically~*~*~ (hiding).
   140 | D:1      | 140 ||| Stepping ~*~*~tactically~*~*~ (hiding).
   177 | D:1      | 177 ||| Stepping ~*~*~tactically~*~*~ (hiding).
   178 | D:1      | 178 ||| Stepping ~*~*~tactically~*~*~ (hiding).
   179 | D:1      | 179 ||| Stepping ~*~*~tactically~*~*~ (hiding).
   180 | D:1      | 180 ||| Stepping ~*~*~tactically~*~*~ (hiding).
   181 | D:1      | 181 ||| Stepping ~*~*~tactically~*~*~ (hiding).
   264 | D:1      | 264 ||| Stepping ~*~*~tactically~*~*~ (hiding).
   320 | D:1      | 320 ||| Stepping ~*~*~tactically~*~*~ (stealth).
   505 | D:1      | 505 ||| Stepping ~*~*~tactically~*~*~ (hiding).
   703 | D:1      | Reached skill level 3 in Axes
   914 | D:1      | Reached XP level 3. HP: 23/23 MP: 3/3
  1050 | D:1      | 1050 ||| READING scroll labelled OHYPOA NOES.
  1051 | D:1      | 1051 ||| DRINKING 3 fuming emerald potions.
  1052 | D:1      | 1052 ||| DROPPING 2 potions of degeneration.
  1151 | D:2      | 1151 ||| Stepping ~*~*~tactically~*~*~ (hiding).
  1270 | D:2      | 1270 ||| DROPPING +0 club.
  1294 | D:2      | 1294 ||| Stepping ~*~*~tactically~*~*~ (hiding).
  1296 | D:2      | 1296 ||| Stepping ~*~*~tactically~*~*~ (hiding).
  1304 | D:2      | Reached XP level 4. HP: 19/28 MP: 4/4
  1443 | D:2      | Reached skill level 4 in Axes
  1614 | D:2      | 1614 ||| DROPPING +0 mace.
  1838 | D:2      | 1838 ||| Stepping ~*~*~tactically~*~*~ (hiding).
  2072 | D:2      | 2072 ||| READING scroll labelled RIXONWO PYBY.
  2143 | D:2      | Reached XP level 5. HP: 31/32 MP: 5/5
  2245 | D:2      | Found a faded altar of an unknown god.
  2279 | D:2      | 2279 ||| READING scroll labelled GANEFOCUME.
  2280 | D:2      | 2280 ||| READING scroll labelled QOALUTRENU.
  2281 | D:2      | 2281 ||| READING scroll labelled NIZ WAOGAFYA.
  2282 | D:2      | 2282 ||| READING 2 scrolls labelled BAJUAV ZOF ROX.
  2283 | D:2      | 2283 ||| DRINKING 2 ruby potions.
  2284 | D:2      | 2284 ||| DRINKING 3 emerald potions.
  2389 | D:2      | 2389 ||| DROPPING 2 potions of berserk rage.
  2390 | D:2      | 2390 ||| DROPPING scroll of fog.
  2421 | D:3      | 2421 ||| PLANNING SEWER
  2460 | D:3      | Noticed Robin
  2472 | D:3      | Killed Robin
  2591 | D:3      | Reached skill level 5 in Axes
  2604 | D:3      | Found an opulent altar of Gozag.
  2642 | D:3      | 2642 ||| Stepping ~*~*~tactically~*~*~ (stealth).
  2643 | D:3      | 2643 ||| Stepping ~*~*~tactically~*~*~ (stealth).
  2677 | D:3      | HP: 7/32 [orc wizard/puff of flame (5)]
  2677 | D:3      | Killed from afar by an orc wizard

Levels and vault maps discovered:
D:1:      dpeg_arrival_tiny_i, layout_basic, minmay_indecisive_spiral
D:2:      layout_loops_ring, shapermc_ecumenical_altar_mp_vishouse,
          kennysheep_small_spiral, patterned_corridor
D:3:      layout_loops_ring, mainiacjoe_overflow_paths, tgw_trog,
          portal_sewer_entry_c, uniq_robin

Skill      XL: |  1  2  3  4  5 |
---------------+----------------+-----
Axes           | 2 3 4 5 |  5.1
Fighting       | |  3.3
Armour         | |  3.2
Shields        | |  3.2

Action                     |  1- 3 |  4- 6 || total
---------------------------+-------+-------++-------
  Melee: War axe           |    75 |    96 ||   171
    Use: Scroll            |     1 |     5 ||     6
         Potion            |     1 |     2 ||     3
 Armour: Scale mail        |    40 |    51 ||    91
  Dodge: Dodged            |    39 |    49 ||    88
  Block: Buckler           |    11 |    13 ||    24

Table legend:
 A = Non-vault XP
 B = Vault XP
 C = Vault XP percentage of total XP
 D = Non-vault monster count
 E = Vault monster count
 F = Vault count percentage of total count
                 A         B        C        D         E       F
            +---------+---------+-------+---------+---------+-------
      Total |     227 |      36 |  13.7 |      43 |      12 |  21.8
            +---------+---------+-------+---------+---------+-------
        D:1 |      26 |       8 |  23.5 |      17 |       4 |  19.0
        D:2 |     133 |       0 |   0.0 |      21 |       0 |   0.0
        D:3 |      68 |      28 |  29.2 |       5 |       8 |  61.5
            +---------+---------+-------+---------+---------+-------
